 Dungeon Crawl Stone Soup version 0.28.0-45-g0d030f2227 (webtiles) character file.

Game seed: 15668092757483163262

13 CryoSword the Sneak (level 2, 0/13 HPs)
             Began as a Vine Stalker Enchanter on Apr 1, 2022.
             Slain by a hobgoblin (2 damage)
             ... on level 1 of the Dungeon.
             The game lasted 00:00:38 (408 turns).

CryoSword the Sneak (Vine Stalker Enchanter)         Turns: 408, Time: 00:00:39

Health: 0/13       AC:  2    Str: 10    XL:     2   Next: 37%
Magic:  0/6        EV: 12    Int: 15    God:
Gold:   39         SH:  0    Dex: 14    Spells: 5/5 levels left

rFire   . . .      SeeInvis .   a - +1 dagger
rCold   . . .      Faith    .   (no shield)
rNeg    . . .      Spirit   +   b - +0 robe
rPois   .          Reflect  .   (no helmet)
rElec   .          Harm     .   (no cloak)
rCorr   .          Rampage  .   (no gloves)
Will    .....                   (no boots)
Stlth   ++........              (no amulet)
HPRegen 0.04/turn               (no ring)
MPRegen 0.10/turn               (no ring)

@: no status effects
A: fangs 2, magic shield, antimagic bite, no potion heal 2
a: no special abilities


You were on level 1 of the Dungeon.
You visited 1 branch of the dungeon, and saw 1 of its levels.

You collected 39 gold pieces.

Inventory:

Hand Weapons
 a - a +1 dagger (weapon)
Armour
 b - a +0 robe (worn)
Potions
 c - a potion of invisibility


   Skills:
 + Level 0.2 Fighting
 * Level 1.2 Short Blades
 + Level 1.7 Dodging
 + Level 3.7 Stealth
 + Level 2.3 Spellcasting
 * Level 3.2 Hexes


You had 5 spell levels left.
You didn't know any spells.
Your spell library contained the following spells:

 Spells                   Type           Power      Damage    Failure   Level
 Ensorcelled Hibernation  Hex/Ice        12%        N/A       17%         2
 Confusing Touch          Hex            11%        N/A       17%         3
 Tukima's Dance           Hex            11%        N/A       17%         3
 Dazzling Flash           Conj/Hex       12%        N/A       32%         3


Dungeon Overview and Level Annotations

Branches:
Dungeon (1/15)

Altars:


Innate Abilities, Weirdness & Mutations

You have extremely sharp teeth.
When hurt, damage is shared between your health and your magic reserves.
Your bite disrupts and absorbs the magic of your enemies.
Potions cannot restore your health.


Message History

Welcome, CryoSword the Vine Stalker Enchanter.
The sublime Orb of Zot lies far below, as if waiting for you to find it.
Found a staircase leading out of the dungeon.
Could not explore, unopened door.
You open the door.
There is an open door here.
Found 20 sling bullets.
A kobold comes into view. It is wielding a +0 dagger.
The kobold shouts!
A goblin comes into view. It is wielding a +0 dagger.
The kobold hits you with a +0 dagger.
You closely miss the kobold. You bite the kobold. You drain its power.
You feel invigorated.
You barely miss the kobold. You bite the kobold, but do no damage.
The kobold hits you with a +0 dagger.
You are too injured to fight recklessly!
You are too injured to fight recklessly!
The kobold closely misses you.
You hit the kobold.
You kill the kobold!
You hit the goblin.
You kill the goblin!
Items here: )) ††.
Found 14 stones.
You now have 12 gold pieces.
A hobgoblin comes into view.
Found 25 stones.
A hobgoblin is nearby!
A hobgoblin is nearby!
Found 13 gold pieces.
You barely miss the hobgoblin. You bite the hobgoblin. You drain its power.
The hobgoblin barely misses you.
You barely miss the hobgoblin. The hobgoblin barely misses you.
You hit the hobgoblin. The hobgoblin hits you.
You barely miss the hobgoblin.
You bite the hobgoblin, but do no damage.
The hobgoblin completely misses you.
You hit the hobgoblin but do no damage. The hobgoblin barely misses you.
You hit the hobgoblin.
You kill the hobgoblin!
Your Short Blades skill increases to level 1!
Things that are here:
25 stones; a hobgoblin corpse A bat and a rat come into view.
There are monsters nearby!
There are monsters nearby!
There are monsters nearby!
A quokka comes into view.
The bat hits you.
You see here 13 gold pieces.
You hit the rat but do no damage. Your bite misses the rat.
The bat hits you but does no damage. The bat barely misses you.
The rat bites you.
You hit the rat.
You kill the rat!
The bat hits you. x2
You are too injured to fight recklessly!
You are too injured to fight recklessly!
You are too injured to fight recklessly!
The bat closely misses you. The bat barely misses you.
You closely miss the bat. The bat misses you. The bat hits you.
The bat hits you but does no damage.
You hit the bat.
You kill the bat!
You hit the quokka. You bite the quokka, but do no damage.
The quokka closely misses you.
You hit the quokka. The quokka misses you.
You hit the quokka.
You kill the quokka!
You now have 25 gold pieces (gained 13).
You see here a quokka corpse.
You now have 39 gold pieces (gained 14). 2 jackals come into view.
There are monsters nearby!
There are monsters nearby!
There are monsters nearby!
There are monsters nearby!
A jackal comes into view.
A hobgoblin comes into view.
A bat and a jackal come into view.
The jackal barks!
The hobgoblin shouts!
The jackal barks! x2
You hit the jackal. The jackal barely misses you.
You hit the jackal but do no damage. You bite the jackal. You drain its power.
The jackal closely misses you.
You hit the jackal.
You kill the jackal!
The bat hits you but does no damage.
You have reached level 2!
Memorise Ensorcelled Hibernation, consuming 2 spell levels and leaving 3?
The bat closely misses you.
You start memorising the spell.
You continue memorising.
The bat hits you but does no damage.
Your memorisation is interrupted.
The bat closely misses you.
You hit the bat but do no damage. You bite the bat. You drain its power.
The bat hits you but does no damage. The bat closely misses you.
You hit the bat.
You kill the bat!
The jackal bites you.
You hit the jackal. You hit the jackal but do no damage.
The jackal barely misses you.
You barely miss the jackal. Your bite misses the jackal. The jackal bites you.
You hit the jackal. Your bite misses the jackal. The jackal closely misses you.
The jackal bites you.
You hit the jackal. Your bite misses the jackal. The jackal closely misses you.
You closely miss the jackal. You bite the jackal. You drain its power.
You feel invigorated. The jackal bites you.
You hit the jackal but do no damage. You bite the jackal.
You kill the jackal!
You hit the jackal but do no damage. The jackal bites you.
The jackal closely misses you.
You are too injured to fight recklessly!
You are too injured to fight recklessly!
You are too injured to fight recklessly!
You barely miss the jackal. Your bite misses the jackal. The jackal misses you.
You hit the jackal but do no damage. You bite the jackal, but do no damage.
The jackal barely misses you.
You hit the jackal. The jackal closely misses you. The jackal bites you.
* * * LOW HITPOINT WARNING * * *
You barely miss the jackal. You bite the jackal, but do no damage.
The jackal bites you.
* * * LOW HITPOINT WARNING * * *
You closely miss the jackal. Your bite misses the jackal.
The jackal bites you but does no damage.
You hit the jackal. Your bite misses the jackal. The jackal bites you.
* * * LOW HITPOINT WARNING * * *
You closely miss the jackal. The jackal barely misses you.
The jackal closely misses you.
You closely miss the jackal. Your bite misses the jackal. The jackal bites you.
* * * LOW HITPOINT WARNING * * *
You hit the jackal.
You kill the jackal!
The jackal barely misses you.
You closely miss the jackal. Your bite misses the jackal.
The jackal barely misses you.
You hit the jackal.
You kill the jackal!
You don't know any spells.
Unknown command.
You don't know any spells.
Unknown command.
You barely miss the hobgoblin. The hobgoblin hits you.
You hit the hobgoblin. The hobgoblin hits you.
You die...

#..#.#.. ..#.#.# ...#.##
.........## .##.........
##### ## .#..#.#... .#
#...### #.. ...#.##g# .#
+.<.'.# .....#..#.##@# ..#
#...#.# .....#..#.##.##..###
#####.# ....................
#.#.# ......††.###..#..###
#...# .....#.#.# #..#..# #.#
#.### ...
#.#.###..#..####.###.###
.....#...................#...
#.....(.......#.###.###.###
######.###..###.# #.#.).#


You could see a hobgoblin.

Vanquished Creatures
  A goblin (D:1)
  A hobgoblin (D:1)
  4 jackals (D:1)
  A quokka (D:1)
  2 bats (D:1)
  A kobold (D:1)
  A rat (D:1)
11 creatures vanquished.

Notes
Turn   | Place    | Note
-------+----------+-------------------------------------------
     0 | D:1      | CryoSword the Vine Stalker Enchanter began the quest for
                  | the Orb.
     0 | D:1      | Reached XP level 1. HP: 9/9 MP: 4/4
   170 | D:1      | Reached skill level 1 in Short Blades
   384 | D:1      | Reached XP level 2. HP: 13/13 MP: 6/6
   408 | D:1      | Slain by a hobgoblin

Illustrated notes

Levels and vault maps discovered:
D:1:      dpeg_arrival_tiny_h, layout_loops_ring

Skill      XL: |  1 |
---------------+----+-----
Short Blades   | 1 |  1.2
Fighting       | |  0.2
Dodging        | |  1.7
Stealth        | |  3.7
Spellcasting   | |  2.3
Hexes          | |  3.2

Action                   || total
-------------------------++-------
Melee: Dagger            ||    43
       Bite              ||    11
Armor: Robe              ||     6
Dodge: Dodged            ||    27
